 Dungeon Crawl Stone Soup version 0.30-a0-585-g93115170b9 (console) character file.

Game seed: 2024021823567270404

32375 jejorda2 the Impaler (level 13, -2/105 HPs)
             Began as a Merfolk Berserker on Jan 2, 2023.
             Was a Priest of Trog.
             Slain by a death yak (19 damage)
             ... in a Gauntlet.
             The game lasted 00:40:48 (14424 turns).

jejorda2 the Impaler (Merfolk Berserker)           Turns: 14424, Time: 00:40:49

Health: -2/105     AC: 26    Str: 25    XL:     13   Next: 64%
Magic:  13/13      EV:  9    Int:  6    God:    Trog [***...]
Gold:   796        SH:  0    Dex: 14    Spells: 12/12 levels left

rFire   . . .      SeeInvis .    a - +0 glaive
rCold   + . .      Faith    +    (shield currently unavailable)
rNeg    . . .      Spirit   .    G - +0 plate armour
rPois   +          Reflect  .    z - +2 helmet
rElec   .          Harm     .    h - +2 cloak {rPois}
rCorr   .          Rampage  .    M - +0 pair of gloves
Will    .....      NoTele   +    u - +0 pair of boots Stlth
                                 w - amulet "Qauwn" {Faith Str+3}
HPRegen 0.37/turn                H - ring of protection from cold
MPRegen 0.13/turn                A - +4 ring of protection

@: mighty, on berserk cooldown, slowed, very slow
A: (nimble swimmer 2), mertail
a: Renounce Religion, Berserk, Trog's Hand


You were in a Gauntlet.
You worshipped Trog.
Trog was most pleased with you.
You visited 2 branches of the dungeon, and saw 14 of its levels.
You also visited: Gauntlet.

You collected 1010 gold pieces.
You spent 214 gold pieces at shops.

Inventory:

Hand Weapons
 a - a +0 glaive (weapon)
 b - a +1 trident
Missiles
 f - 16 boomerangs (quivered)
 r - 68 stones
 t - 2 datura-tipped darts
 x - 5 curare-tipped darts
 J - 9 poisoned darts
 R - a throwing net
Armour
 h - a +2 cloak of poison resistance (worn)
 u - a +0 pair of boots (worn)
 z - a +2 helmet (worn)
 G - a +0 plate armour (worn)
 M - a +0 pair of gloves (worn)
Jewellery
 c - a ring of resist corrosion
 i - a ring of ice
 s - an amulet of faith
 w - the amulet "Qauwn" (around neck) {Faith Str+3}
   (You found it in a Gauntlet)

   [amulet of faith]

   It allows you to gain divine favour quickly.
   Str:       It affects your strength (+3).
 A - a +4 ring of protection (right hand)
 H - a ring of protection from cold (left hand)
 K - a ring of flight
Wands
 e - a wand of light (5)
 k - a wand of charming (7)
 n - a wand of flame (32)
 v - a wand of iceblast (19)
 y - a wand of mindburst (9)
 I - a wand of polymorph (2)
Scrolls
 g - 4 scrolls of vulnerability
 C - 5 scrolls of magic mapping
 L - 2 scrolls of teleportation
 O - a scroll of fog
Potions
 d - 5 potions of haste
 j - 2 potions of flight
 l - 2 potions of ambrosia
 m - 4 potions of resistance
 o - a potion of mutation
 q - 10 potions of curing
 B - 5 potions of attraction
 E - a potion of cancellation {unknown}
 F - 2 potions of brilliance {unknown}


   Skills:
 - Level 10.9 Fighting
 * Level 18.9 Polearms
 + Level 10.0 Throwing
 - Level 7.0 Armour
 - Level 6.0 Dodging
 - Level 6.0 Evocations


You had 12 spell levels left.
You didn't know any spells.
Your spell library was empty.

Dungeon Overview and Level Annotations

Branches:
Dungeon (11/15)            Temple (0/1) D:7            Lair (3/5) D:11
 Shoals (0/4) Lair:3        Snake (0/4) Lair:3          Orc (0/2) D:9
Gauntlet (1/1)

Altars:
Cheibriados
Elyvilon
Hepliaklqana
Makhleb
Nemelex Xobeh
Okawaru
Ru
Vehumet
Yredelemnul
Zin

Shops:
D:3 !*

Annotations:
Lair:1 3 runed translucent doors, wormed's ghost, journeyman MfBe Gauntlet 7 transporters, exclusion: orange crystal statue


Innate Abilities, Weirdness & Mutations

((You are very nimble when in or above water. (Stealth+, EV+, Speed+++)))
Your lower body shifts to a powerful aquatic tail in water.


Message History

The death yak is severely wounded.
The death yak is no longer blind.
The death yak barely misses you.
Reach: a) +0 glaive
Press: ? - help, Dir - move target, f/p - necromancer
Aim: a necromancer, wielding a +0 dagger and wearing a +0 robe (moderately wounded, blind, about 40% to evade your +0 glaive)
You reach to attack!
You strike the helpless necromancer from behind!
You slash the necromancer!
The necromancer is severely wounded.
The necromancer is no longer blind.
The death yak gores you!!
* * * LOW HITPOINT WARNING * * *
The necromancer mumbles some strange words.
The necromancer binds the souls of nearby monsters.
Unknown command.
You feel much better. The death yak gores you.
* * * LOW HITPOINT WARNING * * *
You feel very mighty all of a sudden.
The death yak gores you but does no damage.
The death yak gores you.
* * * LOW HITPOINT WARNING * * *
You barely miss the death yak.
The death yak is severely wounded.
The death yak gores you but does no damage.
You completely miss the death yak.
The death yak is severely wounded.
The death yak barely misses you.
You hit the death yak.
The death yak is severely wounded.
The death yak gores you but does no damage.
You slash the death yak!
The death yak is almost dead.
The death yak gores you but does no damage.
The necromancer casts a spell.
The necromancer binds the souls of nearby monsters.
The death yak gores you but does no damage.
You hit the death yak but do no damage.
The death yak is almost dead.
The death yak's soul is no longer bound.
The death yak gores you!!
You die...

##≈.#..8#8..#.≈##
#≈≈.#########.≈≈#
##≈....#©..8#.≈##
##..8.#...©#.##
##≈....#©..8#.≈##
#≈≈.#########.≈≈#
##≈.#..†Y[?.#.≈##
##.#..pY##Y#.##
##≈.#..##@#.#.≈##
#≈≈.#..#©.#.#.≈≈#
##≈.#.#..##.#.≈##
##.#.####..#.## ##
##≈.#Y......#..###≈##
#≈≈.#########...#≈≈≈#
##≈....#©..8#...#...#
##..8.#...©#.8.#...#
##≈....#©..8#.⌠.#.8.##.


You could see 2 death yaks and a necromancer.

Vanquished Creatures
  Fannar (Lair:2)
  A hydra (Lair:2)
  2 two-headed ogres
  A boulder beetle (D:11)
  10 death yaks
  Nergalle (Lair:1)
  A wizard (Gauntlet)
  Pikel (D:6)
  A moth of wrath (Gauntlet)
  A manticore (D:11)
  2 gargoyles (D:11)
  4 cane toads
  An unseen horror (D:7)
  A torpor snail (Lair:1)
  3 kobold demonologists
  A komodo dragon (Lair:2)
  3 trolls (D:11)
  A hornet (D:7)
  Prince Ribbit (D:9)
  13 blink frogs
  3 shadows (Gauntlet)
  18 yaks
  A wyvern (D:8)
  A basilisk (Lair:1)
  7 vampire mosquitoes
  A steam dragon (D:9)
  Grum (D:9)
  2 acid dragons (D:11)
  10 water moccasins
  Duvessa (D:5)
  2 black bears
  9 orc warriors
  2 ice beasts
  A sky beast (D:6)
  An ogre (D:5)
  10 wolves
  5 centaurs
  A phantom (D:7)
  A kobold brigand (D:7)
  6 bullfrogs
  2 gnoll sergeants
  4 necrophages
  5 scorpions
  11 wights
  Dowan (D:5)
  16 killer bees
  An electric eel (D:9)
  A howler monkey (D:9)
  2 jellies (D:5)
  A gnoll bouda (D:8)
  7 hounds
  2 orc priests
  6 iguanas
  2 hell rats (D:11)
  6 orc wizards
  11 adders
  15 gnolls
  3 shadow imps
  A white imp (Gauntlet)
  An ufetubus (D:5)
  6 worms
  2 dart slugs
  35 orcs
  2 endoplasms
  4 giant cockroaches
  6 goblins
  6 hobgoblins
  6 jackals
  5 quokkas
  5 ball pythons
  4 bats
  A frilled lizard (D:1)
  17 kobolds
330 creatures vanquished.

Vanquished Creatures (collateral kills)
  2 death yaks (Lair:3)
  A cane toad (Lair:3)
  A komodo dragon (Lair:3)
  6 yaks
  An acid dragon (D:10)
  2 bullfrogs
  A killer bee (D:10)
  2 orcs (D:10)
16 creatures vanquished.

Vanquished Creatures (others)
  A blink frog zombie (Lair:2)
  8 fungi (Lair:2)
  5 plants
14 creatures vanquished.

Grand Total: 360 creatures vanquished

Notes
Turn   | Place    | Note
-------+----------+-------------------------------------------
     0 | D:1      | jejorda2 the Merfolk Berserker began the quest for the Orb.
     0 | D:1      | Reached XP level 1. HP: 18/18 MP: 1/1
   291 | D:1      | Reached XP level 2. HP: 24/24 MP: 2/2
   779 | D:1      | Reached XP level 3. HP: 29/29 MP: 3/3
   884 | D:2      | Reached skill level 5 in Polearms
  1500 | D:2      | Reached ** piety under Trog
  1501 | D:2      | Reached XP level 4. HP: 34/37 MP: 4/4
  1759 | D:3      | Found Konty's Assorted Antiques.
  1786 | D:3      | Bought a scroll labelled TYETOK UCEOM for 19 gold pieces
  1786 | D:3      | Bought a green potion for 17 gold pieces
  2179 | D:3      | Reached skill level 6 in Polearms
  2179 | D:3      | Reached XP level 5. HP: 12/42 MP: 5/5
  2412 | D:3      | Found Igewnek Qoacw's Distillery.
  2418 | D:3      | Bought a potion of curing for 36 gold pieces
  3106 | D:4      | Found a white marble altar of Elyvilon.
  3117 | D:4      | Reached XP level 6. HP: 46/49 MP: 6/6
  3285 | D:4      | Reached skill level 7 in Polearms
  3463 | D:4      | Found a sacrificial altar of Ru.
  3490 | D:4      | Found a basalt altar of Yredelemnul.
  3595 | D:4      | Reached skill level 5 in Dodging
  3629 | D:5      | Entered Level 5 of the Dungeon
  3772 | D:5      | Noticed Duvessa
  3774 | D:5      | Noticed Dowan
  3783 | D:5      | Killed Duvessa
  3784 | D:5      | Reached skill level 5 in Fighting
  3784 | D:5      | Reached XP level 7. HP: 56/56 MP: 7/7
  3787 | D:5      | Killed Dowan
  3788 | D:5      | Reached skill level 8 in Polearms
  4201 | D:6      | Reached skill level 1 in Evocations
  4251 | D:5      | Reached skill level 9 in Polearms
  4251 | D:5      | Reached XP level 8. HP: 63/63 MP: 8/8
  4376 | D:5      | Reached *** piety under Trog
  4803 | D:5      | Reached skill level 10 in Polearms
  5120 | D:3      | Bought an embroidered cloak for 142 gold pieces
  5187 | D:6      | Reached skill level 11 in Polearms
  5261 | D:6      | Reached XP level 9. HP: 60/69 MP: 9/9
  5742 | D:6      | Noticed Pikel
  5774 | D:6      | Killed Pikel
  5775 | D:6      | Reached skill level 12 in Polearms
  6511 | D:7      | Reached skill level 5 in Evocations
  6522 | D:7      | Found a staircase to the Ecumenical Temple.
  6524 | D:7      | Noticed a hornet
  6782 | D:7      | Reached **** piety under Trog
  6783 | D:7      | Reached skill level 13 in Polearms
  6856 | D:7      | Paralysed by a hornet for 3 turns
  6860 | D:7      | Killed a hornet
  6861 | D:7      | Reached XP level 10. HP: 48/76 MP: 10/10
  7053 | D:7      | Found a sparkling altar of Nemelex Xobeh.
  7352 | D:7      | Killed an unseen horror
  7778 | D:7      | Found a burning altar of Makhleb.
  7778 | D:7      | Noticed a green death
  7822 | D:8      | Reached skill level 14 in Polearms
  8012 | D:8      | Found an iron altar of Okawaru.
  8483 | D:8      | Identified the +8 chain mail of the Armadillo {Str+8 Slay-6
                  | Stlth+}
  8635 | D:9      | Noticed a kobold demonologist
  8650 | D:9      | Killed a kobold demonologist
  8729 | D:9      | Noticed Grum
  8754 | D:9      | Killed Grum
  8760 | D:9      | Reached skill level 5 in Armour
  8783 | D:10     | Entered Level 10 of the Dungeon
  8806 | D:10     | Reached skill level 15 in Polearms
  8811 | D:10     | Reached XP level 11. HP: 60/84 MP: 11/11
  9422 | D:9      | Noticed Prince Ribbit
  9426 | D:9      | Killed Prince Ribbit
  9643 | D:9      | Found a staircase to the Orcish Mines.
  9887 | D:9      | Found a snail-covered altar of Cheibriados.
  9890 | D:9      | Found a radiant altar of Vehumet.
 10060 | D:9      | Found a glowing silver altar of Zin.
 10327 | D:10     | Reached ***** piety under Trog
 10420 | D:10     | Noticed a two-headed ogre
 10426 | D:10     | Killed a two-headed ogre
 10502 | D:10     | Found a hazy altar of Hepliaklqana.
 10861 | D:11     | Noticed a manticore
 10868 | D:11     | Killed a manticore
 10869 | D:11     | Reached skill level 1 in Throwing
 11204 | D:11     | Reached skill level 16 in Polearms
 11239 | D:11     | Noticed a death yak
 11257 | D:11     | Noticed a death yak
 11259 | D:11     | Killed a death yak
 11259 | D:11     | Noticed a death yak
 11266 | D:11     | Killed a death yak
 11270 | D:11     | Killed a death yak
 11271 | D:11     | Reached XP level 12. HP: 95/95 MP: 12/12
 11310 | D:11     | Found a staircase to the Lair.
 11461 | D:11     | Identified the +5 spear of the Shoals {pain, rPois Dex+2}
 11528 | D:11     | Noticed a two-headed ogre
 11695 | D:11     | Noticed a boulder beetle
 11706 | D:11     | Killed a boulder beetle
 11707 | D:11     | Reached skill level 5 in Throwing
 11853 | D:11     | Killed a two-headed ogre
 11985 | Lair:1   | Entered Level 1 of the Lair of Beasts
 12061 | Lair:1   | Noticed Nergalle
 12075 | Lair:1   | Killed Nergalle
 12189 | Lair:1   | Reached skill level 10 in Fighting
 12479 | Lair:1   | Reached skill level 17 in Polearms
 12530 | Lair:1   | Found a runed translucent gate.
 12530 | Lair:1   | Found a runed translucent gate.
 12530 | Lair:1   | Found a runed translucent gate.
 12531 | Lair:1   | Noticed wormed's ghost (journeyman MfBe)
 12947 | Lair:2   | Noticed a four-headed hydra
 13111 | Lair:2   | Killed a four-headed hydra
 13247 | Lair:2   | Reached XP level 13. HP: 101/104 MP: 13/13
 13484 | Lair:2   | Noticed Fannar
 13497 | Lair:2   | Killed Fannar
 13935 | Lair:3   | Reached skill level 18 in Polearms
 13961 | Lair:3   | Found a gate leading to a gauntlet.
 13971 | Gauntlet | Entered a Gauntlet
 13971 | Gauntlet | Found a transporter.
 14070 | Gauntlet | Found a transporter.
 14073 | Gauntlet | Found a transporter.
 14074 | Gauntlet | Found a transporter.
 14082 | Gauntlet | Found a transporter.
 14085 | Gauntlet | Found a transporter.
 14086 | Gauntlet | Found a transporter.
 14096 | Gauntlet | Found a transporter.
 14098 | Gauntlet | Found a transporter.
 14099 | Gauntlet | Found a transporter.
 14107 | Gauntlet | Found a transporter.
 14110 | Gauntlet | Found a transporter.
 14111 | Gauntlet | Found a transporter.
 14119 | Gauntlet | Found a transporter.
 14317 | Gauntlet | Identified the amulet "Qauwn" {Faith Str+3}
 14407 | Gauntlet | Reached skill level 10 in Throwing
 14417 | Gauntlet | HP: 2/105 [death yak (20)]
 14424 | Gauntlet | Slain by a death yak

Illustrated notes

Levels and vault maps discovered:
D:1:      dpeg_arrival_chambers_temple_mockup, layout_loops_ring
D:2:      layout_basic, serial_glass, glass_columns_a, glass_columns_b
D:3:      layout_basic, serial_shops, nicolae_shop_hallway_plus, shop
D:4:      layout_basic, nicolae_elyvilon_peaceful_grove,
          mainiacjoe_overflow_two_lobes
D:5:      minmay_polygon_palace, layout_gridville, uniq_duvessa
D:6:      layout_basic, uniq_pikel
D:7:      layout_cave_pools, makhleb_altar_promises_db,
          nemelex_diamond_rough_becter, minmay_temple_entry_slanted
D:8:      cheibrodos_quashed, layout_basic, okawaru_gym_becter
D:9:      layout_loops_ring, grunt_temple_overflow_open, zin_scriptorium,
          david_orc_2, nrook_pool_corridor, uniq_prince_ribbit1, uniq_grum
D:10:     layout_rooms, nzn_hepliaklqana_mist_gate
D:11:     layout_long_grid, dpeg_lair_monsters,
          minmay_fractal_squares_diagonal_5
Lair:1:   layout_regular_city, ebering_ghost_rock_garden, uniq_nergalle
Lair:2:   layout_roguey, grunt_megastairs_3, uniq_fannar
Lair:3:   layout_cave_pods, elwin_shoals_entry_rocks,
          minmay_snake_entry_guardpost_small, special_room
          [special_room_mythical_zoo], gauntlet_entry_generic, st_stairs_12,
          uniq_amaemon
Gauntlet: gammafunk_gauntlet_77_escape_option
          [minmay_gauntlet_arena_77_block_sizes,
          minmay_gauntlet_arena_77_checkered,
          minmay_gauntlet_arena_77_chump_sandwich,
          minmay_gauntlet_arena_77_hold_the_fort,
          minmay_gauntlet_arena_77_terracotta_army, gauntlet_exit_hidden_loot]

Skill      XL: |  1  2  3  4  5  6  7  8  9 10 11 12 13 |
---------------+----------------------------------------+-----
Dodging        | 3 4 5 6 |  6.0
Polearms       | 5 6 7 9 11 13 15 16 17 18 | 18.9
Fighting       | 4 5 6 7 9 10 | 10.9
Evocations     | 1 4 5 6 |  6.0
Armour         | 3 5 7 |  7.0
Throwing       | 4 8 10 | 10.0

Action                   |  1- 3 |  4- 6 |  7- 9 | 10-12 | 13-15 || total
-------------------------+-------+-------+-------+-------+-------++-------
Melee: Spear             |   116 |     7 |       |       |       ||   123
       Punch             |     1 |     3 |     4 |     2 |       ||    10
       Trident           |       |   184 |   333 |   114 |       ||   631
       Tailslap          |       |     1 |       |       |       ||     1
       Halberd           |       |       |       |   735 |    66 ||   801
       Unarmed           |       |       |       |     1 |       ||     1
       Glaive            |       |       |       |       |    98 ||    98
Throw: Stone             |       |     9 |    24 |     9 |       ||    42
       Dart              |       |     1 |       |    10 |       ||    11
       Boomerang         |       |       |       |     4 |     2 ||     6
Invok: Berserk           |     2 |     4 |     3 |    15 |     4 ||    28
       Trog's Hand       |       |     2 |     2 |     5 |     3 ||    12
       Brothers in Arms  |       |       |       |     2 |     1 ||     3
Evoke: Wand              |       |       |     1 |     1 |     2 ||     4
  Use: Scroll            |       |    11 |     2 |    14 |     2 ||    29
       Potion            |       |       |       |     1 |     3 ||     4
 Stab: Sleeping          |     2 |       |       |       |       ||     2
       Invisible         |       |       |     2 |     1 |     1 ||     4
       Confused          |       |       |       |     2 |       ||     2
Armor: Ring mail         |    15 |     6 |       |       |       ||    21
       Animal skin       |     1 |       |       |       |       ||     1
       Chain mail        |       |    56 |   122 |   258 |       ||   436
       Plate armour      |       |       |       |   288 |    80 ||   368
Dodge: Dodged            |    25 |    61 |    97 |   348 |    38 ||   569
Block: Other             |    11 |     1 |       |       |       ||    12
       Reflection        |       |     1 |       |       |       ||     1

Table legend: (Time is in decaauts)
 A = Elapsed time spent in this place.
 B = Non-inter-level travel time spent in this place.
 C = Inter-level travel time spent in this place.
 D = Time resting spent in this place.
 E = Time spent auto-exploring this place.
 F = Levels seen in this place.
 G = Mean time per level.
                   A        B        C        D        E       F      G
               +--------+--------+--------+--------+--------+-----+--------+
         Total |  14206 |  13595 |    611 |   1924 |   9007 |  15 |  947.1 |
       Dungeon |  11821 |  11271 |    550 |   1469 |   7663 |  11 | 1074.6 |
          Lair |   1962 |   1901 |     61 |    384 |   1142 |   3 |  654.0 |
      Gauntlet |    421 |    421 |      0 |     70 |    202 |   1 |  421.0 |
               +--------+--------+--------+--------+--------+-----+--------+

Top non-repeatable levels by time:
     D:5: 1355 daAuts
     D:6: 1328 daAuts
     D:7: 1286 daAuts
     D:9: 1274 daAuts
    D:11: 1203 daAuts
     D:3: 1094 daAuts
  Lair:2: 950 daAuts
     D:4: 943 daAuts
  Lair:1: 933 daAuts
     D:1: 905 daAuts
     D:2: 840 daAuts
    D:10: 831 daAuts
     D:8: 758 daAuts
Gauntlet: 421 daAuts
  Lair:3: 78 daAuts
